AoeStats
← I hate snigkers

Oasis

509835720Analyzed
2v2 RM · 4d ago on Sep 28, 2026· 81m 38s· 4 players
Game mode
Random Map
Map size
Medium (4 player)
Population
200
Speed
Normal
Resources
Standard
Victory
Conquest
Starting age
Dark Age
Ending age
Imperial Age
RankedLock teamsTeams togetherTeam positionsShared explorationLock speedFull tech treeHidden civsTurbo modeCheats
Victory
Defeat
🇨🇿 Khmer · Czechia
545
+11
🇮🇹 Teutons · Italy
526
+12
🇨🇳 Huns · China
530
-15
🇮🇳 Britons · India
340
-8
karthiksandy19
14:19 Feudal Age
15:45 Feudal Age
17:07 Horse Collar
17:21 Gold Mining
17:22 Stone Mining
17:22 Double-Bit Axe
19:28 Wheelbarrow
21:32 Fletching
23:47 Forging
27:29 Man-at-Arms
36:10 Castle Age
36:11 Padded Archer Armor
36:12 Scale Mail Armor
39:49 Bow Saw
43:43 Imperial Age
41:17 Bodkin Arrow
41:38 Leather Archer Armor
41:59 Iron Casting
41:40 Chain Mail Armor
43:16 Hand Cart
44:06 Elite Longbowman
46:09 Bracer
49:00 Heavy Plow
50:19 Ring Archer Armor
49:29 Pikeman
54:53 Gold Shaft Mining
55:33 Chemistry
54:31 Murder Holes
56:22 Two-Man Saw
62:56 Ballistics
62:17 Halberdier
69:35 Yeomen
69:17 Warwolf
1532068552
12:46 Feudal Age
13:32 Horse Collar
13:41 Double-Bit Axe
15:12 Wheelbarrow
15:37 Bloodlines
16:44 Forging
23:33 Castle Age
25:54 Loom
26:27 Hand Cart
27:24 Scale Barding Armor
30:48 Gold Mining
30:49 Stone Mining
31:42 Bow Saw
31:37 Heavy Plow
35:53 Gold Shaft Mining
40:26 Marauders
41:43 Fletching
42:28 Iron Casting
42:14 Chain Barding Armor
41:54 Padded Archer Armor
41:55 Scale Mail Armor
42:20 Squires
42:06 Arson
41:41 Pikeman
43:09 Husbandry
46:58 Imperial Age
44:12 Elite Skirmisher
45:33 Bodkin Arrow
46:02 Thumb Ring
49:10 Bracer
50:10 Blast Furnace
49:46 Plate Barding Armor
49:27 Leather Archer Armor
51:01 Conscription
51:37 Elite Tarkan
52:36 Halberdier
54:20 Blast Furnace
53:36 Chain Mail Armor
53:36 Leather Archer Armor
55:31 Parthian Tactics
54:27 Heavy Cavalry Archer
56:34 Chemistry
55:55 Ballistics
55:31 Murder Holes
55:47 Masonry
57:31 Two-Man Saw
56:14 Cavalier
56:15 Light Cavalry
59:06 Capped Ram
59:35 Paladin
62:18 Atheism
61:38 Hussar
64:39 Siege Ram
68:44 Caravan
I hate snigkers
14:10 Feudal Age
16:24 Bloodlines
16:32 Double-Bit Axe
19:21 Man-at-Arms
20:38 Scale Barding Armor
22:14 Forging
23:10 Wheelbarrow
23:16 Stone Mining
32:09 Castle Age
30:12 Horse Collar
31:52 Scale Mail Armor
31:54 Gold Mining
33:01 Pikeman
33:02 Long Swordsman
34:51 Chain Mail Armor
35:13 Iron Casting
36:53 Heavy Plow
41:06 Husbandry
40:33 Light Cavalry
45:20 Hand Cart
47:43 Town Watch
48:49 Ballistics
48:26 Murder Holes
51:23 Imperial Age
53:24 Tusk Swords
55:22 Chemistry
54:26 Padded Archer Armor
54:25 Fletching
55:44 Cavalier
58:06 Halberdier
58:09 Two-Handed Swordsman
60:28 Chain Barding Armor
60:38 Siege Engineers
68:01 Blast Furnace
67:18 Chain Mail Armor
68:24 Crossbowman
71:19 Coinage
70:50 Caravan
71:57 Arbalester
72:36 Bodkin Arrow
72:43 Padded Archer Armor
73:19 Plate Barding Armor
72:32 Elite Ballista Elephant
73:12 Double Crossbow
77:32 Fortified Wall
77:37 Masonry
78:25 Heavy Scorpion
78:26 Onager
pagejimmi
0:57 Loom
19:02 Feudal Age
19:52 Double-Bit Axe
19:51 Horse Collar
20:51 Wheelbarrow
21:27 Town Watch
21:42 Gold Mining
21:43 Stone Mining
24:50 Arson
25:59 Forging
25:40 Fletching
25:51 Padded Archer Armor
25:51 Scale Mail Armor
25:57 Scale Barding Armor
31:16 Castle Age
33:23 Bow Saw
33:19 Heavy Plow
33:58 Iron Casting
33:39 Leather Archer Armor
33:21 Bodkin Arrow
33:42 Chain Mail Armor
33:47 Chain Barding Armor
32:50 Elite Skirmisher
33:50 Hand Cart
34:31 Pikeman
35:12 Squires
40:36 Fortified Wall
40:47 Ballistics
40:38 Masonry
41:17 Town Patrol
44:01 Imperial Age
43:51 Bloodlines
46:12 Two-Man Saw
47:06 Crop Rotation
47:05 Conscription
47:11 Ironclad
47:55 Blast Furnace
47:26 Ring Archer Armor
47:31 Plate Barding Armor
47:27 Plate Mail Armor
47:36 Hoardings
47:18 Caravan
47:49 Cavalier
49:05 Crenellations
51:17 Chemistry
50:03 Arrowslits
50:25 Siege Engineers
51:33 Halberdier
53:04 Paladin
59:12 Elite Teutonic Knight
Connection lost

Rejoining the realm…

Still unreachable

The connection could not be restored.

Session expired

The server has moved on; the page needs a fresh start.